 Dungeon Crawl Stone Soup version 0.24-a0-335-g06ca16a (webtiles) character file.

Game seed: 1481281239993771102

188 mhoghedin the Firebug (level 5, -22/35 HPs)
             Began as a Mummy Fire Elementalist on May 19, 2019.
             Was an Initiate of Vehumet.
             Engulfed by a cloud of flame (27 damage)
             ... on level 4 of the Dungeon.
             The game lasted 00:06:23 (3350 turns).

mhoghedin the Firebug (Mummy Fire Elementalist)     Turns: 3350, Time: 00:06:23

Health: -22/35     AC:  5    Str: 11    XL:     5   Next: 39%
Magic:  9/9        EV: 12    Int: 15    God:    Vehumet [......]
Gold:   232        SH:  0    Dex: 13    Spells: 3/9 levels left

rFire    x . .     SeeInvis .   l - +4 hand axe (venom)
rCold    + . .     Gourm    .   (no shield)
rNeg     + + +     Faith    .   a - +0 robe
rPois    ∞         Spirit   .   (no helmet)
rElec    .         Reflect  .   (no cloak)
rCorr    .         Harm     .   (no gloves)
MR       .....     Rnd*Tele +   j - +2 pair of boots
Stlth    ++........             (no amulet)
HPRegen  0.11/turn              k - ring of teleportation (curse) {+/*tele, !d}
MPRegen  0.11/turn              (no ring)

@: no status effects
A: no food or potions, fire vulnerability, cold resistance 1, negative energy
resistance 3, torment resistance, unbreathing
a: Renounce Religion


You were on level 4 of the Dungeon.
You worshipped Vehumet.
Vehumet was noncommittal.
You were not hungry.

You visited 1 branch of the dungeon, and saw 4 of its levels.

You collected 232 gold pieces.

Inventory:

Hand Weapons
 l - a +4 hand axe of venom (weapon)
   (You found it on level 3 of the Dungeon)
Missiles
 g - 5 curare-tipped darts (quivered)
Armour
 a - a +0 robe (worn)
 j - a +2 pair of boots (worn)
   (You found it on level 2 of the Dungeon)
Jewellery
 k - a cursed ring of teleportation (left hand) {+/*tele, !d}
   (You found it on level 3 of the Dungeon)
Scrolls
 b - 2 scrolls of teleportation
 f - a scroll of fog


   Skills:
 - Level 1.5 Dodging
 - Level 1.5 Stealth
 - Level 2.6 Spellcasting
 + Level 3.1 Conjurations
 + Level 4.0 Fire Magic


You had 3 spell levels left.
You knew the following spells:

 Your Spells              Type           Power        Failure   Level  Hunger
a - Flame Tongue          Conj/Fire      ##...        4%          1    N/A
c - Conjure Flame         Conj/Fire      ##......     14%         3    N/A
x - Throw Flame           Conj/Fire      ##....       8%          2    N/A

Your spell library contained the following spells:

 Spells                   Type           Power        Failure   Level  Hunger
 Inner Flame              Hex/Fire       #.......     26%         3    N/A
 Sticky Flame             Conj/Fire      ##......     43%         4    N/A
 Fireball                 Conj/Fire      ##........   80%         5    N/A

Dungeon Overview and Level Annotations

Branches:
Dungeon (4/15)
 Temple: D:4-7

Altars:
Dithmenos
Elyvilon
Makhleb
Okawaru
Uskayaw
Vehumet


Innate Abilities, Weirdness & Mutations

You do not eat or drink.
Your flesh is vulnerable to fire.
You are immune to poison.
Your flesh is cold resistant. (rC+)
You are immune to negative energy. (rN+++)
You are immune to unholy pain and torment.
You can survive without breathing.


Message History

The orc wizard mumbles some strange words.
The orc wizard blinks!
You now have 2/9 mp.
Aim: an orc, wielding a +0 short sword of protection The flame tongue hits the orc.
You now have 1/9 mp.
Aim: an orc, wielding a +0 short sword of protection (moderately wounded)
The flame tongue hits the orc!
You kill the orc!
You now have 0/9 mp.
The orc wizard casts a spell.
The orc wizard blinks!
The orc wizard is engulfed in blazing flames.
The orc wizard closely misses you.
The orc wizard is engulfed in blazing flames.
You kill the orc wizard!
Your Conjurations skill increases to level 3!
Your Fire Magic skill increases to level 4!
You don't have enough magic to cast that spell.
The phantom closely misses you.
Things that are here:
a +0 dagger; a +0 robe; a scroll of teleportation You hit the phantom.
The phantom hits you.
You take 1 damage, and have 28/35 hp.
You closely miss the phantom. The phantom hits you.
The phantom blinks!
You take 1 damage, and have 27/35 hp.
Items here: )) †† a +0 short sword of protection; a +0 flail; an orc corpse x2
You hit the phantom but do no damage. The phantom hits you.
The phantom blinks!
You take 4 damage, and have 23/35 hp.
Items here: )) †† a +0 short sword of protection; a +0 flail; an orc corpse x2
The phantom blinks!
Things that are here:
a +0 dagger; a +0 robe; a scroll of teleportation The phantom hits you.
The phantom blinks!
b - 3 scrolls of teleportation (gained 1)
Things that are here:
a +0 dagger; a +0 robe You take 2 damage, and have 22/35 hp.
The phantom hits you!
Items here: )) †† a +0 short sword of protection; a +0 flail; an orc corpse x2
You take 8 damage, and have 14/35 hp.
MASSIVE DAMAGE!!
Aim: a phantom (lightly damaged)
The flame tongue misses the phantom.
The phantom hits you!
* * * LOW HITPOINT WARNING * * *
You take 10 damage, and have 4/35 hp.
MASSIVE DAMAGE!!
You now have 1/9 mp.
As you read the scroll of teleportation, it crumbles to dust.
You feel strangely unstable. The phantom hits you.
* * * LOW HITPOINT WARNING * * *
The phantom blinks!
You take 3 damage, and have 1/35 hp.
Things that are here:
a +0 dagger; a +0 robe Your surroundings suddenly seem different.
A ball python comes into view.
Aim: a ball python (resting)
The flame tongue hits the ball python!
You kill the ball python!
You now have 1/9 mp.
You start resting.
The ogre shouts!
Health restored: 35; MP restored: 9 You now have 219 gold pieces (gained 20).
You see here a viscous green potion.
You open the large door.
There is a large open door here.
A quokka comes into view.
Found a quokka skeleton.
Found a radiant altar of Vehumet.
Really walk into a travel-excluded area?
Okay, then.
Unknown command.
Aim: a quokka (resting)
The flame tongue hits the quokka.
You kill the quokka!
You now have 8/9 mp.
You can't see any susceptible monsters within range! (Use Z to cast anyway.) MP restored: 9 You now have 232 gold pieces (gained 13).
Really walk into a travel-excluded area?
Okay, then.
Unknown command.
Really walk into a travel-excluded area?
Really walk into a travel-excluded area?
There is a radiant altar of Vehumet here.
You kneel at the altar of Vehumet.
Vehumet welcomes you!
You are engulfed in blazing flames.
Ouch! That really hurt!
* * * LOW HITPOINT WARNING * * *
You take 30 damage, and have 5/35 hp.
MASSIVE DAMAGE!!
You are engulfed in blazing flames.
Ouch! That really hurt!
You die...

##≈§≈##....#†.........#
#≈≈§##.....##.#####.###
≈≈≈##..!...##.#####.#
≈≈##.......##.##....#
≈##........#........#
#.........#.#.°.☼..########
########''#.#§.§.☼........%
#....#.§÷...########
######..@...# #####..#
#..... #.###.# #.# # #.#


There were no monsters in sight!

Vanquished Creatures
  An orc wizard (D:4)
  Terence (D:2)
  5 adders
  An ooze (D:1)
  2 worms (D:3)
  A dart slug (D:1)
  A leopard gecko (D:2)
  6 orcs
  4 ball pythons
  9 bats
  4 giant cockroaches
  7 goblins
  7 hobgoblins
  2 quokkas
  5 frilled lizards
  10 kobolds
  5 rats
71 creatures vanquished.

Vanquished Creatures (others)
  A quokka (D:4)
1 creature vanquished.

Grand Total: 72 creatures vanquished

Notes
Turn   | Place    | Note
-------+----------+-------------------------------------------
     0 | D:1      | mhoghedin the Mummy Fire Elementalist began the quest for
                  | the Orb.
     0 | D:1      | Reached XP level 1. HP: 13/13 MP: 4/4
    59 | D:1      | Reached skill level 1 in Conjurations
   160 | D:1      | Reached XP level 2. HP: 19/19 MP: 1/5
   849 | D:1      | Reached skill level 3 in Fire Magic
   967 | D:1      | Reached XP level 3. HP: 24/24 MP: 4/7
  1293 | D:2      | Found a white marble altar of Elyvilon.
  1323 | D:2      | Reached skill level 2 in Conjurations
  1376 | D:2      | Noticed Terence
  1385 | D:2      | Killed Terence
  1385 | D:2      | Reached XP level 4. HP: 30/30 MP: 4/8
  1472 | D:2      | Learned a level 2 spell: Throw Flame
  1476 | D:2      | Learned a level 3 spell: Conjure Flame
  2476 | D:3      | Found an iron altar of Okawaru.
  2497 | D:3      | Reached XP level 5. HP: 31/35 MP: 1/9
  2615 | D:3      | Found a hide-covered altar of Uskayaw.
  2615 | D:3      | Found a burning altar of Makhleb.
  2912 | D:4      | Noticed an ogre
  2913 | D:4      | Found a shadowy altar of Dithmenos.
  2913 | D:4      | Noticed a phantom
  2966 | D:4      | Reached skill level 3 in Conjurations
  2966 | D:4      | Reached skill level 4 in Fire Magic
  2982 | D:4      | HP: 4/35 [phantom (10)]
  2983 | D:4      | HP: 1/35 [phantom (3)]
  3308 | D:4      | Found a radiant altar of Vehumet.
  3348 | D:4      | Became a worshipper of Vehumet
  3348 | D:4      | HP: 5/35 [something (30)]
  3350 | D:4      | Engulfed by a cloud of flame

Levels and vault maps discovered:
D:1:      dpeg_arrival_water_fire, layout_rooms, corexii_corridor_pit,
          st_stairs_13
D:2:      layout_loops_ring, hangedman_glass_teeth, elyvilon_altar_3,
          uniq_terence
D:3:      layout_basic, gammafunk_temple_overflow_statue, minmay_crystal_room,
          okawaru_ov_weapons_minmay
D:4:      layout_loops_ring, fiery_altar_vehumet, overflow_temple_1_default,
          old_standard_altar, kennysheep_opposing_triangles

Skill      XL: |  1  2  3  4  5 |
---------------+----------------+-----
Conjurations   | 1 2 3 |  3.1
Fire Magic     | 3 4 |  4.0
Dodging        | |  1.5
Stealth        | |  1.5
Spellcasting   | |  2.6

Action                   |  1- 3 |  4- 6 || total
-------------------------+-------+-------++-------
Melee: Unarmed           |     2 |       ||     2
       Club              |    15 |       ||    15
       Hand axe          |       |    17 ||    17
Throw: Dart              |     5 |     1 ||     6
 Cast: Flame Tongue      |    61 |    69 ||   130
       Conjure Flame     |       |     1 ||     1
  Use: Scroll            |       |     7 ||     7
Armor: Robe              |    15 |    13 ||    28
Dodge: Dodged            |    28 |    28 ||    56

Table legend:
 A = Non-vault XP
 B = Vault XP
 C = Vault XP percentage of total XP
 D = Non-vault monster count
 E = Vault monster count
 F = Vault count percentage of total count
                 A         B        C        D         E       F
            +---------+---------+-------+---------+---------+-------
      Total |     230 |      39 |  14.5 |      68 |       3 |   4.2
            +---------+---------+-------+---------+---------+-------
        D:1 |      45 |       2 |   4.3 |      24 |       1 |   4.0
        D:2 |      53 |      36 |  40.4 |      18 |       1 |   5.3
        D:3 |      79 |       0 |   0.0 |      20 |       0 |   0.0
        D:4 |      53 |       1 |   1.9 |       6 |       1 |  14.3
            +---------+---------+-------+---------+---------+-------

Levels and vault maps discovered:
D:1:      dpeg_arrival_water_fire, layout_rooms, corexii_corridor_pit,
          st_stairs_13
D:2:      layout_loops_ring, hangedman_glass_teeth, elyvilon_altar_3,
          uniq_terence
D:3:      layout_basic, gammafunk_temple_overflow_statue, minmay_crystal_room,
          okawaru_ov_weapons_minmay
D:4:      layout_loops_ring, fiery_altar_vehumet, overflow_temple_1_default,
          old_standard_altar, kennysheep_opposing_triangles

Table legend:
 A = Turns spent in this place as a percentage of turns spent in the entire game.
 B = Non-inter-level travel turns spent in this place as a percentage of non-inter-level travel turns spent in the entire game.
 C = Inter-level travel turns spent in this place as a percentage of turns spent in this place.
 D = Turns resting spent in this place as a percentage of non-inter-level travel turns spent in this place.
 E = Turns spent auto-exploring this place as a percentage of non-inter-level travel turns spent in this place.
 F = Non-inter-level travel turns spent in this place divided by the number of levels of this place that you've seen.
                   A       B       C       D       E      F
               +-------+-------+-------+-------+-------+----------------------
         Total | 100.0 | 100.0 |   2.4 |  37.8 |  41.8 | 817.2
       Dungeon | 100.0 | 100.0 |   2.4 |  37.8 |  41.8 | 817.2
               +-------+-------+-------+-------+-------+----------------------

Table legend:
 A = Kills in this place as a percentage of kills in entire the game.
 B = Kills by you in this place as a percentage of kills by you in the entire game.
 C = Kills by friends in this place as a percentage of kills by friends in the entire game.
 D = Other kills in this place as a percentage of other kills in the entire game.
 E = Experience gained in this place as a percentage of experience gained in the entire game.
 F = Experience gained in this place divided by the number of levels of this place that you have seen.
                   A       B       C       D       E      F
               +-------+-------+-------+-------+-------+----------------------
         Total | 100.0 | 100.0 |   N/A |   N/A | 100.0 |  67.2
       Dungeon | 100.0 | 100.0 |   N/A |   N/A | 100.0 |  67.2
               +-------+-------+-------+-------+-------+----------------------
